 Dungeon Crawl Stone Soup version 0.29.1-2-gbd0b4ee654 (webtiles) character file.

Game seed: 13408993007175116001

166 Ivernyr the Changer (level 5, -1/33 HPs)
             Began as an Octopode Transmuter on Oct 29, 2022.
             Slain by an orc wizard
             ... wielding a +0 dagger
              (5 damage)
             ... on level 3 of the Dungeon.
             The game lasted 00:04:39 (4311 turns).

Ivernyr the Changer (Octopode Transmuter)           Turns: 4311, Time: 00:04:39

Health: -1/33      AC:  1    Str:  9    XL:     5   Next: 47%
Magic:  5/9        EV: 13    Int: 18    God:
Gold:   37         SH:  0    Dex: 12    Spells: 3/9 levels left

rFire   . . .      SeeInvis .     - Unarmed
rCold   . . .      Faith    .   (no shield)
rNeg    . . .      Spirit   .   (helmet restricted)
rPois   .          Reflect  .   (no amulet)
rElec   .          Harm     .   (no ring)
rCorr   .          Rampage  .   (no ring)
Will    .....                   (no ring)
Stlth   ++........              (no ring)
HPRegen 0.11/turn               (no ring)
MPRegen 0.11/turn               (no ring)
                                (no ring)
                                (no ring)

@: confused, very slightly contaminated
A: almost no armour, amphibious, 8 rings, camouflage 1, gelatinous body 1,
(nimble swimmer 1), tentacles
a: no special abilities


You were on level 3 of the Dungeon.
You visited 1 branch of the dungeon, and saw 3 of its levels.

You collected 37 gold pieces.

Inventory:

Wands
 l - a wand of charming (4)
Scrolls
 b - 3 scrolls of teleportation {unknown}
 c - 2 scrolls of enchant weapon {unknown}
 d - a scroll of immolation {unknown}
 f - 5 scrolls of identify {unknown}
 i - 2 scrolls of vulnerability {unknown}
 j - 2 scrolls of enchant armour {unknown}
Potions
 a - a potion of lignification
 e - a potion of curing {unknown}
 g - 2 potions of ambrosia {unknown}
 h - a potion of degeneration {unknown}
 k - a potion of cancellation {unknown}


   Skills:
 - Level 1.0 Fighting
 + Level 2.9 Dodging
 + Level 3.7 Unarmed Combat
 + Level 2.8 Spellcasting
 * Level 3.7 Transmutations


You had 3 spell levels left.
You knew the following spells:

 Your Spells              Type           Power      Damage    Failure   Level
a - Beastly Appendage     Tmut           32%        N/A       3%          1
b - Wereblood             Tmut           16%        N/A       5%          2
c - Spider Form           Tmut/Pois      9%         N/A       22%         3

Your spell library contained the following spells:

 Spells                   Type           Power      Damage    Failure   Level
 Ice Form                 Ice/Tmut       9%         N/A       58%         4


Dungeon Overview and Level Annotations

Branches:
Dungeon (3/15)

Altars:


Innate Abilities, Weirdness & Mutations

You cannot wear most types of armour.
You are amphibious.
You can wear up to eight rings at the same time.
Your skin changes colour to match your surroundings (Stealth+).
Your rubbery body absorbs attacks. (AC +1, EV +1)
((You are camouflaged when in or above water. (Stealth+)))
You have tentacles for arms and can constrict up to eight enemies at once.


Message History

The spell is quite dangerous to miscast (22% risk of failure)!
Continue anyway?
You miscast Spider Form.
Nothing appears to happen.
You feel sick.
The orc wizard gestures at you while chanting.
You are confused.
You feel sick.
You're too confused to move!
You feel sick.
You are no longer poisoned.
The orc wizard gestures at you while chanting.
You are more confused.
You tentacle-slap the orc wizard but do no damage.
The orc wizard hits you with a +0 dagger.
You barely miss the orc wizard.
The orc wizard casts a spell.
The orc wizard flickers and vanishes!
Deactivating autopickup; reactivate with Ctrl-A.
You bump into the rock wall.
Something hits you.
You bump into the rock wall.
The orc barely misses you.
You hear some strange, mumbled words.
You are more confused.
You bump into the rock wall.
The orc misses you. Something hits you but does no damage.
You bump into the rock wall.
The orc hits you from afar with a +0 trident!
Something hits you.
* * * LOW HITPOINT WARNING * * *
You bump into the rock wall.
You hear some strange, mumbled words.
A magic dart appears from out of thin air!
The magic dart hits you.
* * * LOW HITPOINT WARNING * * *
The orc barely misses you. Something hits you.
* * * LOW HITPOINT WARNING * * *
The orc wizard casts a spell.
The orc wizard flickers and vanishes!
You hear some strange, mumbled words.
Something tries to affect you, but you resist.
You bump into the rock wall.
Something hits you.
You die...

...o...##.########## #.##.....
...o..o............###.##.....
......##.######....##..#######
.o... +...o...#....#...# .....
##...##o#......#.#
.!....####'##.#....###.# ##
#.........o#...## #.#
#........{.#..## #.#
#.........@#..# #.#
#########.....# #.# #.>#.## .#
####.# #.# #.. ###


You could see 2 orcs.

Vanquished Creatures
  Crazy Yiuf (D:2)
  Natasha (thrice) (D:2)
  An adder (D:2)
  3 dart slugs (D:2)
  An orc (D:3)
  3 bats
  3 endoplasms
  A giant cockroach (D:1)
  4 goblins
  3 hobgoblins
  7 jackals
  3 quokkas
  3 ball pythons
  3 frilled lizards
  4 kobolds
  2 rats (D:2)
45 creatures vanquished.

Notes
Turn   | Place    | Note
-------+----------+-------------------------------------------
     0 | D:1      | Ivernyr the Octopode Transmuter began the quest for the
                  | Orb.
     0 | D:1      | Reached XP level 1. HP: 13/13 MP: 3/3
   190 | D:1      | Reached XP level 2. HP: 17/18 MP: 5/5
  1458 | D:2      | Reached XP level 3. HP: 23/23 MP: 6/6
  1461 | D:2      | Learned a level 2 spell: Wereblood
  1465 | D:2      | Learned a level 3 spell: Spider Form
  1763 | D:2      | Found a runed translucent door.
  1764 | D:2      | Noticed Crazy Yiuf
  1771 | D:2      | Killed Crazy Yiuf
  1772 | D:2      | Reached XP level 4. HP: 18/28 MP: 3/7
  2436 | D:2      | Noticed Natasha
  2446 | D:2      | Killed Natasha
  2954 | D:2      | Noticed Natasha
  3001 | D:2      | Killed Natasha
  3002 | D:2      | Reached XP level 5. HP: 10/33 MP: 4/9
  3540 | D:2      | Noticed Natasha
  3550 | D:2      | Killed Natasha
  4311 | D:3      | Slain by an orc wizard

Illustrated notes

Levels and vault maps discovered:
D:1:      dpeg_arrival_houses_and_road, layout_loops_corners
D:2:      layout_loops_corners, kennysheep_small_spiral,
          uniq_crazy_yiuf_cottage, uniq_natasha
D:3:      layout_basic

Skill      XL: |  1  2  3 |
---------------+----------+-----
Transmutations | 3 |  3.7
Fighting       | |  1.0
Dodging        | |  2.9
Unarmed Combat | |  3.7
Spellcasting   | |  2.8

Action                   |  1- 3 |  4- 6 || total
-------------------------+-------+-------++-------
Melee: Unarmed           |    57 |    52 ||   109
       Constrict         |    12 |     9 ||    21
       Tentacles         |    12 |     8 ||    20
       Kick              |     5 |     2 ||     7
       Punch             |     5 |       ||     5
 Cast: Beastly Appendage |     5 |     2 ||     7
       Spider Form       |     1 |     3 ||     4
 Stab: Sleeping          |     4 |     2 ||     6
Armor: Skin              |     5 |     2 ||     7
Dodge: Dodged            |    39 |    37 ||    76
